 Dungeon Crawl Stone Soup version 0.31.0 (webtiles) character file.

Game seed: 11034806655165650552

249 qw the Shooter (level 6, -2/38 HPs)
             Began as a Gargoyle Hunter on Jan 20, 2024.
             Was an Initiate of Okawaru.
             Slain by a gnoll
             ... wielding a +0 halberd
              (7 damage)
             ... on level 3 of the Dungeon.
             The game lasted 00:00:10 (2322 turns).

qw the Shooter (Gargoyle Hunter)                    Turns: 2322, Time: 00:00:11

Health: -2/38      AC:  9    Str: 15    XL:     6   Next: 12%
Magic:  6/6        EV: 11    Int:  9    God:    Okawaru [......]
Gold:   79         SH:  0    Dex: 15    Spells: 5/5 levels left

rFire   . . .        a - +1 shortbow
rCold   . . .        (shield currently unavailable)
rNeg    + . .        e - +0 ring mail
rPois   inf          (no helmet)
rElec   +            (no cloak)
rCorr   .            (no gloves)
SInv    .            (no boots)
Will    .....        (no amulet)
Stlth   +            (no ring)
HPRegen 0.26/turn    (no ring)
MPRegen 0.10/turn

%: no passive effects
@: no status effects
A: sickness immunity, AC +4, negative energy resistance 1, electricity
resistance, torment resistance 1, petrification resistance
a: Renounce Religion


You were on level 3 of the Dungeon.
You worshipped Okawaru.
Okawaru was noncommittal.
You visited 1 branch of the dungeon, and saw 3 of its levels.

You collected 79 gold pieces.


Innate Abilities, Weirdness & Mutations

You are immune to sickness and miasma.
Your stone body is resilient. (AC +4)
You are immune to poison.
You resist negative energy. (rN+)
You are resistant to electric shocks. (rElec)
You are resistant to unholy torment.
You are immune to petrification.


   Skills:
 - Level 4.0 Fighting
 + Level 6.3 Ranged Weapons
 - Level 1.2 Armour
 - Level 1.5 Dodging
 - Level 1.1 Stealth


You had 5 spell levels left.
You didn't know any spells.
Your spell library was empty.

Inventory:

Hand Weapons
 a - a +1 shortbow (weapon)
Armour
 c - a +0 helmet
 e - a +0 ring mail (worn)
Wands
 l - a wand of polymorph (2)
Scrolls
 b - 3 scrolls of identify
 h - a scroll of teleportation
 j - a scroll of enchant armour {unknown}
Potions
 d - a potion of brilliance {unknown}
 f - a potion of might {unknown}
 g - a potion of enlightenment
 i - a potion of mutation {unknown}
 k - a potion of curing {unknown}

Dungeon Overview and Level Annotations

Branches:
Dungeon (3/15)

Altars:
Okawaru


Message History

You kill the gnoll!
Okawaru accepts your kill.
You shoot an arrow. The arrow closely misses the gnoll.
You shoot an arrow. The arrow closely misses the gnoll.
The gnoll hits you but does no damage.
You shoot an arrow. The arrow completely misses the gnoll.
The gnoll barely misses you. The gnoll hits you but does no damage.
You shoot an arrow. The arrow hits the gnoll.
The gnoll is lightly wounded.
The gnoll hits you with a +0 whip.
You shoot an arrow. The arrow hits the gnoll!
The gnoll is almost dead.
The gnoll closely misses you.
You shoot an arrow. The arrow barely misses the gnoll.
The gnoll barely misses you. The gnoll hits you but does no damage.
The gnoll misses you.
You shoot an arrow. The arrow barely misses the gnoll.
The gnoll closely misses you.
You hear a splashing noise.
The gnoll hits you from afar with a +0 halberd!
The gnoll barely misses you.
You shoot an arrow.
The arrow hits the gnoll but does no damage.
The gnoll is almost dead.
The gnoll hits you from afar with a +0 halberd.
The gnoll hits you but does no damage.
You shoot an arrow. The arrow hits the gnoll.
The gnoll is almost dead.
The gnoll hits you from afar with a +0 halberd!
The gnoll barely misses you.
You shoot an arrow. The arrow hits the gnoll!
You kill the gnoll!
Okawaru accepts your kill.
The gnoll hits you from afar with a +0 halberd.
You shoot an arrow. The arrow hits the gnoll!
The gnoll is severely wounded.
The gnoll misses you.
You shoot an arrow. The arrow barely misses the gnoll.
The gnoll hits you from afar with a +0 halberd! x2
You die...

~~P~~~P~PP~ P~~~~~~~~~~
~~~P~~~~ ~~ ~P~~~~ ~~
7~~~P P7 #. ~P~ .# #
#.######7~7 g# #
#.#.......#####.## #
...........>.@).#
####........#####.......
..>..#......# .######
####........# .#
)...........#####.#
#####.>...........#
###############


You could see a gnoll.

Vanquished Creatures
  Natasha (thrice) (D:2)
  Terence (D:2)
  Robin (D:3)
  2 gnolls (D:3)
  6 adders (D:2)
  3 dart slugs
  A ribbon worm (D:2)
  An orc (D:3)
  4 bats
  4 endoplasms
  3 giant cockroaches
  12 goblins
  5 hobgoblins
  2 jackals (D:2)
  2 quokkas
  5 ball pythons
  3 frilled lizards
  5 kobolds
  3 rats (D:2)
66 creatures vanquished.

Notes
Turn   | Place    | Note
-------+----------+-------------------------------------------
     0 | D:1      | qw the Gargoyle Hunter began the quest for the Orb.
     0 | D:1      | Reached XP level 1. HP: 12/12 MP: 1/1
     0 | D:1      | 0 ||| qw: Version: 0.3-a-132-g3d54051
     0 | D:1      | 0 ||| qw: Game counter: 489
     0 | D:1      | 0 ||| qw: Melee chars always use a shield: true
     0 | D:1      | 0 ||| qw: God list: Okawaru
     0 | D:1      | 0 ||| qw: Allow faded altars: false
     0 | D:1      | 0 ||| qw: Do Orc after clearing Dungeon:15 true
     0 | D:1      | 0 ||| qw: Do second Lair branch before Depths: true
     0 | D:1      | 0 ||| qw: Lair rune preference: random
     0 | D:1      | 0 ||| qw: Goals: Normal
     0 | D:1      | 0 ||| PLANNING D:1-11
   118 | D:1      | Found a faded altar of an unknown god.
   192 | D:1      | Reached XP level 2. HP: 17/17 MP: 2/2
   719 | D:1      | Reached XP level 3. HP: 21/21 MP: 3/3
   926 | D:1      | 926 ||| UPGRADING to +0 ring mail.
   936 | D:1      | 936 ||| DROPPING +0 leather armour.
   937 | D:1      | 937 ||| READING 4 scrolls labelled WUITOL TUUHEO.
   937 | D:1      | 937 ||| IDENTIFYING sedimented silvery potion
   938 | D:1      | 938 ||| READING 3 scrolls of identify.
   938 | D:1      | 938 ||| IDENTIFYING scroll labelled HIDGHI URUTT
   939 | D:1      | 939 ||| READING scroll of enchant weapon.
   939 | D:1      | 939 ||| ENCHANTING +0 shortbow.
   940 | D:1      | 940 ||| READING 2 scrolls of identify.
   940 | D:1      | 940 ||| IDENTIFYING scroll labelled HEAXIO ETATEWK
   941 | D:1      | 941 ||| READING scroll of identify.
   941 | D:1      | 941 ||| IDENTIFYING scroll labelled JUTYASA MIFAMM
   942 | D:1      | 942 ||| DROPPING scroll of butterflies.
   943 | D:1      | 943 ||| DROPPING scroll of blinking.
   991 | D:2      | 991 ||| STAIRDANCE
  1007 | D:2      | Reached skill level 1 in Armour
  1029 | D:2      | Reached skill level 5 in Ranged Weapons
  1142 | D:2      | Reached skill level 3 in Fighting
  1142 | D:2      | Reached XP level 4. HP: 28/28 MP: 4/4
  1216 | D:2      | Found an iron altar of Okawaru.
  1217 | D:2      | 1217 ||| PLANNING OKAWARU WORSHIP
  1226 | D:2      | Became a worshipper of Warmaster Okawaru
  1227 | D:2      | 1227 ||| PLANNING D:1-11
  1378 | D:2      | Noticed Natasha
  1390 | D:2      | Killed Natasha
  1391 | D:2      | 1391 ||| FLEEEEING.
  1477 | D:2      | Noticed Natasha
  1489 | D:2      | Killed Natasha
  1490 | D:2      | Reached XP level 5. HP: 13/32 MP: 5/5
  1490 | D:2      | 1490 ||| FLEEEEING.
  1500 | D:2      | 1500 ||| STAIRDANCE
  1778 | D:2      | Reached skill level 6 in Ranged Weapons
  1863 | D:3      | Noticed Terence
  1866 | D:3      | 1866 ||| STAIRDANCE
  1889 | D:3      | 1889 ||| STAIRDANCE
  1900 | D:2      | Killed Terence
  1908 | D:2      | 1908 ||| FLEEEEING.
  1926 | D:2      | Noticed Natasha
  1927 | D:2      | 1927 ||| FLEEEEING.
  1928 | D:2      | 1928 ||| FLEEEEING.
  1929 | D:2      | 1929 ||| FLEEEEING.
  1930 | D:2      | 1930 ||| FLEEEEING.
  1931 | D:2      | 1931 ||| FLEEEEING.
  1940 | D:2      | Killed Natasha
  2016 | D:3      | 2016 ||| STAIRDANCE
  2026 | D:3      | 2026 ||| STAIRDANCE
  2042 | D:3      | Noticed Robin
  2056 | D:3      | Killed Robin
  2058 | D:3      | Reached XP level 6. HP: 22/38 MP: 6/6
  2064 | D:3      | 2064 ||| FLEEEEING.
  2066 | D:3      | 2066 ||| STAIRDANCE
  2322 | D:3      | HP: 5/38 [gnoll/+0 halberd (8)]
  2322 | D:3      | Slain by a gnoll

Levels and vault maps discovered:
D:1:      sevenhm_arrival_forest_fort_large_2, layout_basic, serial_forest,
          infiniplex_forest_zigzag_1, infiniplex_forest_end_3,
          infiniplex_forest_straight_2, infiniplex_forest_corner_1,
          shapermc_ecumenical_altar_acropolis
D:2:      layout_loops_ring, basic_altar, uniq_natasha
D:3:      layout_loops_ring, serial_bayou_ford_a, uniq_robin, uniq_terence

Skill      XL: |  1  2  3  4  5 |
---------------+----------------+-----
Armour         | 1 |  1.2
Ranged Weapons | 5 6 |  6.3
Fighting       | 3 4 |  4.0
Dodging        | |  1.5
Stealth        | |  1.1

Action                     |  1- 3 |  4- 6 || total
---------------------------+-------+-------++-------
   Fire: Shortbow          |    91 |   166 ||   257
    Use: Scroll            |     5 |       ||     5
 Armour: Leather armour    |    10 |       ||    10
         Ring mail         |     2 |   131 ||   133
  Dodge: Dodged            |    16 |   118 ||   134

Table legend:
 A = Non-vault XP
 B = Vault XP
 C = Vault XP percentage of total XP
 D = Non-vault monster count
 E = Vault monster count
 F = Vault count percentage of total count
                 A         B        C        D         E       F
            +---------+---------+-------+---------+---------+-------
      Total |     260 |      97 |  27.2 |      53 |      13 |  19.7
            +---------+---------+-------+---------+---------+-------
        D:1 |      39 |       0 |   0.0 |      21 |       0 |   0.0
        D:2 |     185 |      69 |  27.2 |      25 |       4 |  13.8
        D:3 |      36 |      28 |  43.8 |       7 |       9 |  56.2
            +---------+---------+-------+---------+---------+-------
